 Dungeon Crawl Stone Soup version 0.27.1-1-g398f81649c (webtiles) character file.

Game seed: 10923417727113195113

22 Borgoz the Skirmisher (level 2, -5/27 HPs)
             Began as a Hill Orc Abyssal Knight on Sept 21, 2021.
             Was an Initiate of Lugonu.
             Slain by Terence (9 damage)
             ... on level 2 of the Dungeon.
             The game lasted 00:01:06 (1640 turns).

Borgoz the Skirmisher (Hill Orc Abyssal Knight)     Turns: 1640, Time: 00:01:07

Health: -5/27      AC:  7    Str: 14    XL:     2   Next: 91%
Magic:  4/4        EV: 10    Int: 12    God:    Lugonu [......]
Gold:   21         SH:  0    Dex: 10    Spells: 1/1 levels left

rFire    . . .     SeeInvis .   d - +0 long sword
rCold    . . .     Faith    .   (no shield)
rNeg     . . .     Spirit   .   e - +0 ring mail
rPois    .         Reflect  .   (no helmet)
rElec    .         Harm     .   (no cloak)
rCorr    .         Rampage  .   (no gloves)
Will     .....                  i - +1 pair of boots
Stlth    ..........             (no amulet)
HPRegen  0.09/turn              (no ring)
MPRegen  0.09/turn              (no ring)

@: no status effects
A: no striking features
a: Renounce Religion


You were on level 2 of the Dungeon.
You worshipped Lugonu.
Lugonu was noncommittal.
You visited 1 branch of the dungeon, and saw 2 of its levels.
You visited the Abyss 1 time.

You collected 21 gold pieces.

Inventory:

Hand Weapons
 d - a +0 long sword (weapon)
Armour
 e - a +0 ring mail (worn)
 i - a +1 pair of boots (worn)
Scrolls
 a - a scroll of fear {unknown}
 b - a scroll of blinking {unknown}
 c - 2 scrolls of identify {unknown}
 g - a scroll of summoning {unknown}
 h - a scroll of immolation {unknown}


   Skills:
 + Level 3.8 Fighting
 * Level 2.5 Long Blades
 * Level 2.6 Armour
 * Level 1.1 Dodging
 + Level 2.8 Invocations


You had one spell level left.
You didn't know any spells.
Your spell library was empty.

Dungeon Overview and Level Annotations

Branches:
Dungeon (2/15)

Altars:

Annotations:
D:2 Terence


Message History

No target in view!
No target in view!
No target in view!
No target in view!
No target in view!
No target in view!
A kobold and Terence come into view.
Found 2 emerald potions.
Terence shouts!
The kobold shouts!
There are monsters nearby!
The kobold hits you but does no damage.
You slash the kobold!
You kill the kobold!
Lugonu accepts your kill. Terence hits you but does no damage.
You barely miss Terence. Terence completely misses you.
You riposte.
You hit Terence but do no damage. You hit Terence but do no damage.
Terence hits you but does no damage.
You barely miss Terence. Terence hits you with a +0 morningstar.
Terence barely misses you.
You closely miss Terence. Terence barely misses you.
You hit Terence.
Terence is lightly wounded.
Terence barely misses you.
You barely miss Terence.
Terence is lightly wounded.
Terence barely misses you. Terence closely misses you.
You riposte.
You hit Terence but do no damage.
Terence is lightly wounded.
You closely miss Terence.
Terence is lightly wounded.
Terence hits you with a +0 morningstar!
You hit Terence but do no damage.
Terence is lightly wounded.
Terence hits you with a +0 morningstar!
* * * LOW HITPOINT WARNING * * *
You are too injured to fight recklessly!
It was a potion of magic.
Magic courses through your body. Terence hits you with a +0 morningstar!
You die...

####.......#
+........###
####...#.#
##.##.##
##....#
#..#.##
#.###.##
#.## ##.# ##
#@## #@##
#.. ..!.
....# #####


You could see Terence.

Vanquished Creatures
  An adder (D:2)
  2 bats
  2 endoplasms
  2 hobgoblins (D:2)
  2 ball pythons
  A frilled lizard (D:1)
  A goblin (D:1)
  A kobold (D:2)
  2 rats
14 creatures vanquished.

Notes
Turn   | Place    | Note
-------+----------+-------------------------------------------
     0 | Abyss:1  | Borgoz the Hill Orc Abyssal Knight began the quest for the
                  | Orb.
     0 | Abyss:1  | Reached XP level 1. HP: 19/19 MP: 2/2
    27 | Abyss:1  | Found a corrupted altar of Lugonu.
    59 | Abyss:1  | Noticed a ynoxinul
    60 | D:1      | Escaped the Abyss
  1214 | D:2      | Reached skill level 1 in Dodging
  1214 | D:2      | Reached XP level 2. HP: 27/27 MP: 3/3
  1629 | D:2      | Noticed Terence
  1640 | D:2      | Slain by Terence

Illustrated notes

Levels and vault maps discovered:
D:1:      amcnicky_arrival_underground_garden, layout_basic
D:2:      layout_loops_corners, uniq_terence

Skill      XL: |  1 |
---------------+----+-----
Dodging        | 1 |  1.1
Fighting       | |  3.8
Long Blades    | |  2.5
Armour         | |  2.6
Invocations    | |  2.8

Action                   || total
-------------------------++-------
Melee: Falchion          ||    11
       Long sword        ||    40
Invok: Depart the Abyss  ||     1
  Use: Potion            ||     1
Armor: Leather armour    ||     5
       Ring mail         ||    17
Dodge: Dodged            ||    39
       Rpst.: Long sword ||    12
       Falchion          ||     2
